 Dungeon Crawl Stone Soup version 0.21-a0-91-ga5031da (webtiles) character file.

309 grindst0ne the Ruffian (level 6, -21/51 HPs)
             Began as a Ghoul Monk on June 29, 2017.
             Demolished by an ogre
             ... wielding a +0 giant club
              (23 damage)
             ... on level 3 of the Dungeon.
             The game lasted 00:05:48 (2867 turns).

grindst0ne the Ruffian (Ghoul Monk)                 Turns: 2867, Time: 00:05:49

Health: -21/51     AC:  4    Str: 16 (17) XL:     6   Next: 41%
Magic:  5/5        EV: 10    Int:  7 (10) God:
Gold:   156        SH:  9    Dex:  9 (11) Spells: 5/5 levels left

rFire    . . .     SeeInvis .     - Unarmed
rCold    + . .     Gourm    .   l - +0 shield
rNeg     + + +     Faith    .   x - +0 leather armour (curse)
rPois    ∞         Spirit   .   g - +0 helmet
rElec    .         Reflect  .   (no cloak)
rCorr    .         Harm     .   (no gloves)
MR       .....                  (no boots)
Stlth    +.........             f - amulet of rage
HPRegen  0.00/turn              (no ring)
MPRegen  0.09/turn              (no ring)

@: brilliant, flying, rotting
A: rotting body, claws 1, carnivore 3, cold resistance 1, negative energy
resistance 3, inhibited regeneration, torment resistance, unbreathing
a: no special abilities


You were on level 3 of the Dungeon.
You were not hungry.

You visited 1 branch of the dungeon, and saw 4 of its levels.

You collected 156 gold pieces.

Inventory:

Missiles
 d - 6 poisoned tomahawks (quivered)
 v - 2 javelins
Armour
 a - a +0 robe
 g - a +0 helmet (worn)
 k - a +0 chain mail
 l - a +0 shield (worn)
 x - a cursed +0 leather armour (worn)
Jewellery
 f - an amulet of rage (around neck)
Wands
 e - a wand of random effects (22/48)
Scrolls
 i - a scroll of recharging {unknown}
 m - a scroll of enchant weapon {unknown}
 o - 2 scrolls of teleportation
 q - a scroll of remove curse
Potions
 h - a potion of mutation
 r - a potion of curing
Books
 p - a book of Cantrips

   Spells                             Type                      Level
   a - Confusing Touch                Hexes                        1
   b - Animate Skeleton               Necromancy                   1
   c - Summon Small Mammal            Summoning                    1
   d - Apportation                    Translocation                1
Comestibles
 b - 2 meat rations
 j - 2 royal jellies
 w - 3 chunks of flesh


   Skills:
 - Level 3.2 Fighting
 - Level 2.0 Armour
 - Level 2.6 Dodging
 - Level 2.1 Stealth
 * Level 4.0 Shields
 + Level 4.9 Unarmed Combat


You had 5 spell levels left.
You didn't know any spells.

Dungeon Overview and Level Annotations

Branches:
Dungeon (4/15)
 Temple: D:4-7

Altars:
Cheibriados
Elyvilon
Sif Muna
Xom

Annotations:
D:2 Sigmund
D:4 Pikel


Innate Abilities, Weirdness & Mutations

Your body is rotting away.
You thrive on raw meat.
You are immune to poison.
You have sharp fingernails.
You are carnivorous and can eat meat at any time.
Your flesh is cold resistant. (rC+)
You are immune to negative energy. (rN+++)
You do not regenerate when monsters are visible.
You are immune to unholy pain and torment.
You can survive without breathing.


Message History

You scratch the slave.
The slave is severely wounded.
The slave barely misses you.
It was a potion of lignification.
You feel woody for a moment. The slave hits you!
You claw the slave!
You kill the slave!
That felt strangely unrewarding.
You scratch the ogre.
The ogre is lightly wounded.
The ogre closely misses you.
You scratch the ogre but do no damage.
The ogre is lightly wounded.
The ogre hits you with a giant club!!
* * * LOW HITPOINT WARNING * * *
It was a potion of degeneration.
There was something very wrong with that liquid.
You feel weakened.
You feel dopey.
You feel clumsy. The ogre hits you with a giant club!!
You die...

#.# #.# #.# #.# #.#####
############......
#...........######
#.#########.# #@#.......#.#
#O#.#####.#.#
###########.#.#...#.#.######
#..........>........%.......
##.########.#.#.###.#.######
#.# #.#.#.....#.# #.#
#.#.#######.#### #.#
#.#............# #.#
#.###........#.###


You could see an ogre.

Vanquished Creatures
  2 slaves
  A big kobold (D:3)
  A centaur skeleton (D:4)
  An orc wizard (D:3)
  Jessica (D:3)
  2 worker ants
  6 adders
  2 oozes
  A worm (D:2)
  2 dart slugs (D:1)
  A leopard gecko (D:2)
  4 bats
  3 giant cockroaches
  6 goblins
  4 hobgoblins
  3 jackals (D:1)
  3 quokkas (D:3)
  A frilled lizard (D:2)
  5 kobolds
  A rat (D:3)
50 creatures vanquished.

Notes
Turn   | Place    | Note
-------+----------+-------------------------------------------
     0 | D:1      | grindst0ne the Ghoul Monk began the quest for the Orb.
     0 | D:1      | Reached XP level 1. HP: 19/19 MP: 0/0
   174 | D:1      | Reached skill level 1 in Armour
   174 | D:1      | Reached XP level 2. HP: 1/26 MP: 1/1
   200 | D:1      | HP: 1/26 [goblin/club (2)]
   769 | D:2      | Reached XP level 3. HP: 25/31 MP: 2/2
   861 | D:2      | Noticed Sigmund
  1148 | D:2      | Reached skill level 1 in Shields
  1276 | D:2      | Reached XP level 4. HP: 30/38 MP: 3/3
  1501 | D:3      | Found a deep blue altar of Sif Muna.
  1517 | D:3      | Found a snail-covered altar of Cheibriados.
  1520 | D:3      | Noticed a big kobold
  1544 | D:3      | Killed a big kobold
  1544 | D:3      | Reached XP level 5. HP: 30/45 MP: 4/4
  1796 | D:3      | Noticed Jessica
  1820 | D:3      | Killed Jessica
  2102 | D:3      | Found a white marble altar of Elyvilon.
  2175 | D:3      | Reached XP level 6. HP: 44/51 MP: 5/5
  2663 | D:4      | Found a shimmering altar of Xom.
  2716 | D:4      | Noticed a slave
  2717 | D:4      | Noticed a slave
  2732 | D:4      | Killed a slave
  2828 | D:4      | Noticed a slave
  2834 | D:4      | Noticed a slave
  2835 | D:4      | Noticed Pikel
  2864 | D:3      | Killed a slave
  2866 | D:3      | HP: 2/51 [ogre/giant club (18)]
  2867 | D:3      | Demolished by an ogre

Vault maps used:
D:1:      lightli_molten_gateway, minmay_misc_feat_doors
D:2:      uniq_sigmund
D:3:      led_sif_book, lemuel_doored_altar, cheibriados_altar_1,
          minmay_item_behind_shaft, kennysheep_jessica_study
D:4:      lemuel_round_altar, uniq_pikel

Skill      XL: |  1  2  3  4  5  6 |
---------------+-------------------+-----
Armour         | 1 2 |  2.0
Shields        | 1 2 3 4 |  4.0
Unarmed Combat | 4 |  4.9
Fighting       | |  3.2
Dodging        | |  2.6
Stealth        | |  2.1

Action                   |  1- 3 |  4- 6 || total
-------------------------+-------+-------++-------
Melee: Unarmed           |   113 |   137 ||   250
  Use: Potion            |     2 |     6 ||     8
       Scroll            |     2 |     4 ||     6
 Stab: Sleeping          |     1 |     2 ||     3
  Eat: Chunk             |     4 |     3 ||     7
Armor: Robe              |     9 |       ||     9
       Chain mail        |    31 |    43 ||    74
       Leather armour    |       |     9 ||     9
Dodge: Dodged            |    34 |    25 ||    59
Block: Shield            |    24 |    56 ||    80
